 Dungeon Crawl Stone Soup version 0.26-a0-663-g36e8fdb655 (webtiles) character file.

Game seed: 6565617223478593466

21987 tacoguy the Fighter (level 12, -4/112 HPs)
             Began as a Minotaur Fighter on Oct 10, 2020.
             Was a Believer of Qazlal.
             Slain by a spriggan rider
             ... wielding a +0 spear
              (9 damage)
             ... on level 1 of the Swamp.
             The game lasted 00:41:26 (16031 turns).

tacoguy the Fighter (Minotaur Fighter)             Turns: 16031, Time: 00:41:27

Health: -4/112     AC: 28    Str: 25    XL:     12   Next: 59%
Magic:  11/11      EV: 26    Int:  5    God:    Qazlal [**....]
Gold:   919        SH: 16    Dex: 11    Spells: 11/11 levels left

rFire    + . .     SeeInvis .   j - +9 lance "Wyrmbane" {slay drac, rPois rF+ rC+ AC+3}
rCold    + . .     Faith    .   n - +0 kite shield
rNeg     + . .     Spirit   .   C - +4 plate armour
rPois    +         Reflect  .   (helmet restricted)
rElec    .         Harm     .   K - +2 cloak
rCorr    +         Rampage  .   D - +1 pair of gloves
MR       .....                  (no boots)
Stlth    ..........             w - amulet of the acrobat
HPRegen  0.28/turn              o - ring of positive energy
MPRegen  0.12/turn              B - ring of resist corrosion

@: acrobat
A: retaliatory headbutt, horns 2
a: Upheaval, Renounce Religion


You were on level 1 of the Swamp.
You worshipped Qazlal.
Qazlal was pleased with you.
You visited 4 branches of the dungeon, and saw 13 of its levels.

You collected 919 gold pieces.

Inventory:

Hand Weapons
 j - the +9 lance "Wyrmbane" (weapon) {slay drac, rPois rF+ rC+ AC+3}
   (You took it off Maggie on level 8 of the Dungeon)

   It affects your AC (+3).
   It protects you from fire.
   It protects you from cold.
   It protects you from poison.
Missiles
 S - 9 curare-tipped darts (quivered)
Armour
 n - a +0 kite shield (worn)
 C - a +4 plate armour (worn)
 D - a +1 pair of gloves (worn)
 K - a +2 cloak (worn)
Jewellery
 o - a ring of positive energy (left hand)
 w - an amulet of the acrobat (around neck)
 B - a ring of resist corrosion (right hand)
 M - an uncursed ring of fire
Wands
 b - a wand of polymorph (16)
 h - a wand of paralysis (21)
 v - a wand of flame (33)
 O - a wand of iceblast (12)
Scrolls
 c - 3 scrolls of fog {unknown}
 e - a scroll of blinking
 f - 5 scrolls of remove curse
 g - 4 scrolls of enchant weapon
 i - 3 scrolls of teleportation
 l - 4 scrolls of magic mapping
 m - a scroll of brand weapon {unknown}
 t - 2 scrolls of enchant armour {unknown}
 x - 8 scrolls of identify {unknown}
 y - 3 scrolls of amnesia {unknown}
 A - a scroll of holy word {unknown}
 F - a scroll of fear {unknown}
 H - a scroll of noise {unknown}
 L - a scroll of summoning {unknown}
 Q - a scroll of silence {unknown}
Potions
 d - 2 potions of stabbing {unknown}
 k - a potion of resistance {unknown}
 p - a potion of invisibility {unknown}
 q - a potion of lignification {unknown}
 r - 2 potions of degeneration {unknown}
 s - 9 potions of curing {unknown}
 u - 2 potions of mutation {unknown}
 z - 2 potions of magic {unknown}
 E - 3 potions of ambrosia {unknown}
 G - 2 potions of cancellation {unknown}
 J - a potion of brilliance {unknown}
 R - a potion of haste {unknown}
Miscellaneous
 I - a condenser vane (2/2)


   Skills:
 + Level 11.9 Fighting
   Level 7.3 Short Blades
 + Level 8.5 Polearms
 + Level 11.8 Armour
 + Level 10.3 Dodging
 + Level 11.8 Shields


You had 11 spell levels left.
You didn't know any spells.
Your spell library contained the following spells:

 Spells                   Type           Power        Failure   Level
 Animate Skeleton         Necr           #.....       100%        1
 Apportation              Tloc           #.....       100%        1
 Corona                   Hex            #......      100%        1
 Magic Dart               Conj           #...         100%        1
 Summon Small Mammal      Summ           #...         100%        1
 Blink                    Tloc           N/A          100%        2
 Call Imp                 Summ           #.......     100%        2
 Slow                     Hex            #.......     100%        2
 Confusing Touch          Hex            #.......     100%        3
 Conjure Flame            Conj/Fire      #.......     100%        3
 Gell's Gravitas          Tloc           #.........   100%        3
 Mephitic Cloud           Conj/Pois/Air  #.......     100%        3
 Petrify                  Tmut/Erth      #.......     100%        4
 Bolt of Magma            Conj/Fire/Erth #.........   100%        5
 Iskenderun's Battlesphe  Conj           #.......     100%        5
 Metabolic Englaciation   Hex/Ice        #.........   100%        5
 Yara's Violent Unravell  Hex/Tmut       #.........   100%        5
 Iron Shot                Conj/Erth      #.........   100%        6
 Orb of Destruction       Conj           #.........   100%        7
 Spellforged Servitor     Conj/Summ      #.........   100%        7


Dungeon Overview and Level Annotations

Branches:
Dungeon (9/15)             Temple (1/1) D:7            Lair (2/6) D:9
  Swamp (1/4) Lair:2
  Snake: Lair:2-4    Spider: Lair:2-4       Orc: D:9-12

Altars:
Ashenzari
Cheibriados
Dithmenos
Elyvilon
Fedhas
Gozag
Hepliaklqana
Kikubaaqudgha
Makhleb
Nemelex Xobeh
Okawaru
Qazlal
Ru
Sif Muna
Trog
Uskayaw
Vehumet
Wu Jian
Xom
Yredelemnul
Zin
The Shining One

Annotations:
Swamp:1 ringo67's ghost, journeyman DDFi


Innate Abilities, Weirdness & Mutations

You reflexively headbutt those who attack you in melee.
You have a pair of horns on your head.


Message History

You hit ringo67's ghost.
Ringo67's ghost is almost destroyed.
Ringo67's ghost hits you!!
* * * LOW HITPOINT WARNING * * *
Ringo67's ghost burns you.
* * * LOW HITPOINT WARNING * * *
Okay, then.
Press: ? - help, Dir - move target cursor Splash!
You fall into the shallow water.
Moving in this stuff is going to be slow.
As you read the scroll of blinking, it crumbles to dust.
Ringo67's ghost is nearby!
As you read the scroll of teleportation, it crumbles to dust.
You feel strangely unstable.
You enter the shallow water.
Moving in this stuff is going to be slow.
Your surroundings suddenly seem different.
The spriggan rider hits you from afar with a +0 spear!
You die...

♣≈..≈.§≈≈≈.≈..≈..♣≈≈....♣♣ ♣
♣≈≈...≈..≈...≈≈♣.♣♣.≈.≈≈≈♣♣
♣♣♣
♣♣....♣♣.>..≈♣...≈♣.≈≈≈♣≈.♣
♣♣..
♣.≈.♣♣♣♣♣.≈≈...♣..♣♣...♣♣.♣
♣♣≈.≈ ♣♣.♣♣
♣♣.≈.♣≈≈≈..♣♣♣..♣♣.♣♣♣≈...
♣.♣♣ ♣§≈≈.≈≈≈≈.♣♣
♣♣.♣♣..♣≈≈≈.≈ ...♣
♣♣.≈...≈≈.♣ ♣..≈..♣...≈♣
♣.♣♣ ♣♣≈.≈.≈≈.♣ ♣♣≈≈≈♣≈...♣♣
♣.≈♣♣ ♣♣.≈≈i≈@♣ ♣≈.).♣....♣
♣≈..♣♣ ♣..≈.≈≈♣ ♣♣.≈≈.♣♣≈♣♣
♣♣≈≈≈♣♣ ♣♣♣.♣♣♣♣♣♣ ♣.≈.♣♣♣♣♣
♣♣...♣♣ ♣♣♣♣♣♣.♣♣♣♣♣.≈≈♣♣
♣♣≈≈.♣ ♣♣.........♣♣.≈≈.♣
♣.≈≈.♣♣♣♣♣..........♣♣.♣..♣♣
♣♣....≈....♣♣..♣♣♣♣♣.[....≈♣
♣♣..≈≈..♣♣♣......♣♣♣♣♣♣♣≈≈♣♣
♣≈≈.≈..♣♣♣......♣.♣ ♣♣≈≈≈.§♣


You could see a spriggan rider.

Vanquished Creatures
  Harold (D:7)
  2 hydras (Swamp:1)
  A shambling mangrove (Swamp:1)
  A two-headed ogre (D:9)
  An alligator (Swamp:1)
  Nergalle (Lair:2)
  3 swamp dragons (Swamp:1)
  A black mamba (Lair:2)
  Maurice (D:9)
  Psyche (D:8)
  Joseph (D:7)
  Maggie (D:8)
  8 cane toads
  4 komodo dragons
  7 hornets (Swamp:1)
  A tyrant leech (Swamp:1)
  5 blink frogs (Lair:2)
  2 bog bodies (Swamp:1)
  A shadow (Swamp:1)
  A wyvern (D:8)
  5 spriggans (Swamp:1)
  4 yaks (Lair:1)
  A fire elemental (Lair:1)
  A basilisk (Lair:1)
  5 vampire mosquitoes
  Menkaure (D:7)
  5 swamp worms (Swamp:1)
  4 water moccasins
  2 orc warriors
  5 swamp drakes (Swamp:1)
  An ice beast (D:7)
  4 phantoms
  A sky beast (D:9)
  3 black bears
  2 centaurs
  9 bullfrogs
  5 scorpions
  A water moccasin skeleton (D:9)
  5 killer bees (D:7)
  A howler monkey (D:6)
  13 wights
  3 electric eels (Lair:1)
  A quasit (D:7)
  5 orc priests
  3 hounds
  A gnoll shaman (D:5)
  3 orc wizards
  An iguana (D:7)
  A centaur skeleton (D:9)
  5 worker ants
  2 hound skeletons
  9 gnolls
  9 adders
  2 shadow imps
  3 white imps
  2 oozes
  An adder zombie (D:6)
  An adder skeleton (D:7)
  2 worms
  6 dart slugs
  6 leopard geckos
  17 orcs
  A ball python (D:6)
  6 bats
  5 giant cockroaches
  9 goblins
  4 hobgoblins
  26 jackals
  4 quokkas
  5 frilled lizards
  4 kobolds
  A leopard gecko skeleton (D:6)
  10 rats
280 creatures vanquished.

Vanquished Creatures (others)
  8 fungi
  6 plants
14 creatures vanquished.

Grand Total: 294 creatures vanquished

Notes
Turn   | Place    | Note
-------+----------+-------------------------------------------
     0 | D:1      | tacoguy the Minotaur Fighter began the quest for the Orb.
     0 | D:1      | Reached XP level 1. HP: 19/19 MP: 0/0
   174 | D:1      | Reached XP level 2. HP: 25/27 MP: 1/1
   859 | D:1      | Reached XP level 3. HP: 33/33 MP: 2/2
  1149 | D:2      | Reached skill level 1 in Dodging
  1237 | D:2      | Reached XP level 4. HP: 28/41 MP: 3/3
  1253 | D:2      | Upgraded the game from 0.26-a0-662-g8b9c6dab81 to
                  | 0.26-a0-663-g36e8fdb655
  1459 | D:1      | Reached XP level 5. HP: 11/47 MP: 4/4
  1911 | D:2      | Reached skill level 5 in Fighting
  1945 | D:2      | Reached skill level 5 in Shields
  1945 | D:2      | Reached XP level 6. HP: 51/56 MP: 5/5
  2017 | D:2      | Found a glowing golden altar of the Shining One.
  2018 | D:2      | Found a hazy altar of Hepliaklqana.
  2693 | D:3      | Found a bloodstained altar of Trog.
  2693 | D:3      | Found a sacrificial altar of Ru.
  2693 | D:3      | Found a shimmering blue altar of Sif Muna.
  2693 | D:3      | Found an ornate altar of the Wu Jian Council.
  2694 | D:3      | Found a sparkling altar of Nemelex Xobeh.
  2695 | D:3      | Found a white marble altar of Elyvilon.
  2698 | D:3      | Found a broken altar of Ashenzari.
  3416 | D:4      | Reached skill level 5 in Armour
  3721 | D:4      | Reached XP level 7. HP: 31/61 MP: 6/6
  3902 | D:4      | Found an iron altar of Okawaru.
  4702 | D:5      | Entered Level 5 of the Dungeon
  4939 | D:5      | HP: 2/63 [orc priest/divine providence (13)]
  5832 | D:6      | Reached XP level 8. HP: 65/70 MP: 7/7
  5843 | D:6      | Reached skill level 5 in Short Blades
  7204 | D:7      | Reached skill level 5 in Dodging
  7223 | D:7      | Noticed Harold
  7244 | D:7      | Killed Harold
  7244 | D:7      | Reached XP level 9. HP: 41/81 MP: 8/8
  7524 | D:7      | Found a sparkling altar of Nemelex Xobeh.
  7742 | D:7      | Found a staircase to the Ecumenical Temple.
  7745 | D:7      | Noticed Joseph
  7767 | D:7      | Killed Joseph
  7846 | Temple   | Entered the Ecumenical Temple
  8060 | Temple   | Became a worshipper of Qazlal Stormbringer
  8337 | D:7      | Noticed Menkaure
  8348 | D:7      | Killed Menkaure
  8580 | D:8      | Noticed Maggie
  8601 | D:8      | Killed Maggie
  8601 | D:8      | Reached XP level 10. HP: 50/90 MP: 9/9
  8802 | D:8      | Noticed Psyche
  8816 | D:8      | Killed Psyche
  8816 | D:8      | Reached skill level 1 in Polearms
  9243 | D:8      | Found an ancient bone altar of Kikubaaqudgha.
  9606 | D:9      | Noticed a two-headed ogre
  9612 | D:9      | Killed a two-headed ogre
  9803 | D:9      | Noticed Maurice
  9814 | D:9      | Killed Maurice
  9901 | D:9      | Found a staircase to the Lair.
 10106 | D:9      | Found a shimmering altar of Xom.
 10106 | D:9      | Found a shadowy altar of Dithmenos.
 10305 | Lair:1   | Entered Level 1 of the Lair of Beasts
 10308 | Lair:1   | Noticed a cane toad
 10315 | Lair:1   | Killed a cane toad
 10605 | Lair:1   | Reached * piety under Qazlal
 10629 | Lair:1   | Noticed a cane toad
 10640 | Lair:1   | Killed a cane toad
 10834 | Lair:1   | Reached XP level 11. HP: 99/99 MP: 10/10
 10846 | Lair:1   | Reached skill level 10 in Fighting
 10950 | Lair:1   | Reached skill level 10 in Shields
 11200 | Lair:1   | Reached skill level 10 in Armour
 11310 | Lair:1   | Reached skill level 5 in Polearms
 12003 | Lair:1   | Got a transparent dagger
 12004 | Lair:1   | Identified the +7 dagger "Dief" {vorpal, MR+} (You found it
                  | on level 1 of the Lair of Beasts)
 12334 | Lair:2   | Noticed Nergalle
 12346 | Lair:2   | Killed Nergalle
 12689 | Lair:2   | Reached ** piety under Qazlal
 12925 | Lair:2   | Found a staircase to the Swamp.
 13247 | Swamp:1  | Entered Level 1 of the Swamp
 13309 | Swamp:1  | Noticed an eight-headed hydra
 13311 | Swamp:1  | Noticed a spriggan rider
 13313 | Swamp:1  | Noticed a spriggan rider
 13321 | Swamp:1  | Killed an eight-headed hydra
 13649 | Swamp:1  | Noticed a spriggan rider
 13702 | Swamp:1  | Noticed a five-headed hydra
 13837 | Swamp:1  | Killed a five-headed hydra
 13837 | Swamp:1  | Reached XP level 12. HP: 105/110 MP: 11/11
 14228 | Swamp:1  | Noticed an alligator
 14240 | Swamp:1  | Killed an alligator
 14406 | Swamp:1  | Found a runed translucent door.
 14411 | Swamp:1  | Noticed ringo67's ghost (journeyman DDFi)
 14521 | Swamp:1  | Reached skill level 10 in Dodging
 14760 | Swamp:1  | Noticed a shambling mangrove
 14783 | Swamp:1  | Killed a shambling mangrove
 16016 | Swamp:1  | HP: 5/112 [ringo67's ghost (22)]
 16016 | Swamp:1  | HP: 1/112 [ringo67's ghost (4)]
 16031 | Swamp:1  | Slain by a spriggan rider

Illustrated notes

Levels and vault maps discovered:
D:1:      ncdulo_watergridlock, layout_basic, dk_noncrumbling_3
D:2:      layout_basic, gammafunk_temple_overflow_statue, kennysheep_cross_room
D:3:      layout_basic, minitemple
D:4:      layout_gridville, overflow_temple_1_default
D:5:      layout_rooms
D:6:      layout_cave_pools, minivault_10, kennysheep_cluttered_room
D:7:      layout_rooms, minmay_temple_entry_stoned_glass, basic_altar,
          uniq_joseph, uniq_menkaure, uniq_harold
D:8:      layout_gridville, lemuel_doored_altar, kennysheep_another_room,
          uniq_maggie, uniq_psyche
D:9:      layout_roguey, gammafunk_temple_overflow_elements, lair_entry_dummy,
          uniq_maurice
Temple:   compressed_dpeg_triangle_lava_temple
Lair:1:   statuecave_lemuel, layout_gridlike
Lair:2:   layout_gridlike, minmay_swamp_entry_swarm, uniq_nergalle
Swamp:1:  layout_falls_marsh, ebering_ghost_inner_flame,
          evilmike_swamp_ruin_house_3, swamp_pool5, nicolae_swamp_dragon_and_kin

Skill      XL: |  1  2  3  4  5  6  7  8  9 10 11 12 |
---------------+-------------------------------------+-----
Fighting       | 4 5 6 7 8 9 11 | 11.9
Shields        | 4 5 6 7 8 9 11 | 11.8
Armour         | 4 5 6 7 8 9 11 | 11.8
Dodging        | 1 2 3 4 5 6 8 9 10 | 10.3
Short Blades   | 3 4 6 7 |  7.3
Polearms       | 4 7 8 |  8.5

Action                   |  1- 3 |  4- 6 |  7- 9 | 10-12 || total
-------------------------+-------+-------+-------+-------++-------
Melee: Rapier            |    89 |   155 |   354 |       ||   598
       Headbutt          |    13 |    35 |    76 |   117 ||   241
       Lance             |       |       |       |   527 ||   527
       Dagger            |       |       |       |    23 ||    23
  Use: Scroll            |       |     3 |     5 |     5 ||    13
       Potion            |       |       |     6 |     2 ||     8
Armor: Scale mail        |    47 |    44 |   161 |       ||   252
       Plate armour      |       |       |       |   188 ||   188
       Skin              |       |       |       |    11 ||    11
Dodge: Dodged            |    27 |    58 |   181 |   149 ||   415
Block: Kite shield       |    46 |    93 |   249 |   306 ||   694

Table legend: (Time is in decaauts)
 A = Elapsed time spent in this place.
 B = Non-inter-level travel time spent in this place.
 C = Inter-level travel time spent in this place.
 D = Time resting spent in this place.
 E = Time spent auto-exploring this place.
 F = Levels seen in this place.
 G = Mean time per level.
                   A        B        C        D        E       F      G
               +--------+--------+--------+--------+--------+-----+--------+
         Total |  16040 |  15030 |   1010 |   5069 |   7495 |  13 | 1233.8 |
       Dungeon |  10113 |   9470 |    643 |   2361 |   5391 |   9 | 1123.7 |
        Temple |    224 |    194 |     30 |      0 |    192 |   1 |  224.0 |
          Lair |   3296 |   3076 |    220 |   1515 |   1183 |   2 | 1648.0 |
         Swamp |   2406 |   2289 |    117 |   1192 |    728 |   1 | 2406.0 |
               +--------+--------+--------+--------+--------+-----+--------+

Top non-repeatable levels by time:
 Swamp:1: 2406 daAuts
  Lair:1: 1744 daAuts
  Lair:2: 1552 daAuts
     D:1: 1411 daAuts
     D:6: 1325 daAuts
     D:4: 1314 daAuts
     D:7: 1142 daAuts
     D:5: 1124 daAuts
     D:2: 1119 daAuts
     D:9: 942 daAuts
     D:3: 889 daAuts
     D:8: 843 daAuts
  Temple: 224 daAuts
